 Dungeon Crawl Stone Soup version 0.26-a0-661-g406de6ba63 (webtiles) character file.

Game seed: 15465596648740068005

68236 MrRokkomies the Green Death (level 14, -7/115 HPs)
             Began as a Demonspawn Gladiator on Oct 9, 2020.
             Was a High Priest of Fedhas.
             Mangled by an orc warlord
             ... wielding a +2 dire flail
              (42 damage)
             ... on level 2 of the Orcish Mines.
             The game lasted 00:48:45 (21001 turns).

MrRokkomies the Green Death (Demonspawn Gladiator) Turns: 21001, Time: 00:48:47

Health: -7/115     AC: 18    Str: 18    XL:     14   Next: 85%
Magic:  20/25      EV: 15    Int: 21    God:    Fedhas [*****.]
Gold:   1408       SH:  5    Dex: 16    Spells: 13/13 levels left

rFire    + + .     SeeInvis .   a - +10 lajatang of the Vine {protect, rElec rF+}
rCold    + . .     Faith    .   (shield currently unavailable)
rNeg     . . .     Spirit   .   d - +1 plate armour {MR+}
rPois    +         Reflect  +   n - +2 hat {MR+}
rElec    +         Harm     .   X - scarf {rC+ rF+}
rCorr    .         Rampage  .   F - +1 pair of gloves
MR       +++..     Clarity  +   (boots unavailable)
Stlth    ..........             Z - amulet of the Priest {Reflect Int+3 SH+5}
HPRegen  0.69/turn              y - ring of poison resistance
MPRegen  0.19/turn              x - +6 ring of intelligence

@: repel missiles
A: hooves 3, horns 1, repulsion field 3, blink, clarity, dopey 1, sense
surroundings 1, regeneration 1, spiny 2, strong 2, evolution 1, rot immunity
a: Blink, Wall of Briars, Grow Ballistomycete, Overgrow, Grow Oklob, Renounce
Religion


You were on level 2 of the Orcish Mines.
You worshipped Fedhas.
Fedhas was extremely pleased with you.
You visited 3 branches of the dungeon, and saw 18 of its levels.
You also visited: Sewer and Bailey.

You collected 2100 gold pieces.
You spent 692 gold pieces at shops.

Inventory:

Hand Weapons
 a - the +10 lajatang of the Vine (weapon) {protect, rElec rF+}
   (You acquired it in a bailey)

   It grants its wielder temporary protection when it strikes (+7 to AC).
   It protects you from fire.
   It insulates you from electricity.
 O - a +0 shortbow
 P - a +1 scimitar of flaming
 U - a +5 lajatang of electrocution
Missiles
 m - 160 sling bullets
 r - 38 poisoned darts
 w - 209 arrows
 z - 119 bolts
 C - 11 javelins
 D - 44 boomerangs (quivered)
 K - 2 throwing nets
Armour
 d - a +1 plate armour of magic resistance (worn)
 e - a +2 ring mail of cold resistance
 n - a +2 hat of magic resistance (worn)
 u - a +3 chain mail of fire resistance
 F - a +1 pair of gloves (worn)
 X - a scarf of resistance (worn)
Jewellery
 b - an uncursed ring of resist corrosion
 c - an uncursed ring of magical power
 x - a +6 ring of intelligence (right hand)
 y - a ring of poison resistance (left hand)
 Z - the amulet of the Priest (around neck) {Reflect Int+3 SH+5}
   (You bought it in a shop on level 2 of the Orcish Mines)

   [amulet of reflection]

   It shields you and reflects attacks.
   It affects your intelligence (+3).
   It affects your SH (+5).
Wands
 t - a wand of flame (37)
 B - a wand of enslavement (4)
 I - a wand of polymorph (6)
 L - a wand of iceblast (5)
 N - a wand of acid (5)
 T - a wand of disintegration (18)
Scrolls
 g - 7 scrolls of amnesia
 i - 6 scrolls of fear
 j - 3 scrolls of immolation
 k - 18 scrolls of identify
 o - 15 scrolls of teleportation
 p - 6 scrolls of remove curse
 v - 4 scrolls of blinking
 J - 3 scrolls of magic mapping
 M - a scroll of fog
 R - 2 scrolls of enchant armour
 S - a scroll of enchant weapon
Potions
 f - a potion of cancellation
 h - a potion of brilliance
 l - 3 potions of ambrosia
 q - 7 potions of haste
 s - 2 potions of lignification
 A - 2 potions of heal wounds
 E - 2 potions of might
 G - 3 potions of stabbing
 H - 2 potions of magic
 V - 2 potions of curing
 Y - a potion of flight
Miscellaneous
 Q - a box of beasts (3/3)
 W - a phantom mirror


   Skills:
 - Level 12.0 Fighting
 - Level 2.7 Long Blades
 * Level 11.9 Staves
 - Level 1.7 Throwing
 + Level 6.4 Armour
 - Level 12.0 Dodging
 - Level 15.0 Invocations
 + Level 7.1 Evocations


You had 13 spell levels left.
You didn't know any spells.
Your spell library contained the following spells:

 Spells                   Type           Power        Failure   Level
 Corona                   Hex            #......      99%         1
 Magic Dart               Conj           #...         99%         1
 Sandblast                Erth           #.....       99%         1
 Shock                    Conj/Air       #...         99%         1
 Summon Small Mammal      Summ           #...         99%         1
 Blink                    Tloc           N/A          100%        2
 Call Imp                 Summ           #.......     100%        2
 Ensorcelled Hibernation  Hex/Ice        #.....       100%        2
 Passwall                 Tmut/Erth      #.......     100%        2
 Poisonous Vapours        Pois/Air       #.....       100%        2
 Slow                     Hex            #.......     100%        2
 Swiftness                Air            #.......     100%        2
 Call Canine Familiar     Summ           #.......     100%        3
 Confusing Touch          Hex            #.......     100%        3
 Conjure Flame            Conj/Fire      #.......     100%        3
 Dazzling Flash           Conj/Hex       #.....       100%        3
 Mephitic Cloud           Conj/Pois/Air  #.......     100%        3
 Portal Projectile        Hex/Tloc       #.....       100%        3
 Static Discharge         Conj/Air       #.......     100%        3
 Stone Arrow              Conj/Erth      #.....       100%        3
 Summon Guardian Golem    Hex/Summ       #.......     100%        3
 Tukima's Dance           Hex            #.......     100%        3
 Airstrike                Air            #.........   100%        4
 Petrify                  Tmut/Erth      #.......     100%        4
 Summon Ice Beast         Ice/Summ       #.......     100%        4
 Summon Lightning Spire   Summ/Air       #.......     100%        4
 Bolt of Magma            Conj/Fire/Erth #.........   100%        5
 Iskenderun's Battlesphe  Conj           #.......     100%        5
 Lee's Rapid Deconstruct  Erth           #.........   100%        5
 Lightning Bolt           Conj/Air       #.........   100%        5
 Summon Mana Viper        Hex/Summ       #.......     100%        5
 Freezing Cloud           Conj/Ice/Air   #.........   100%        6
 Iron Shot                Conj/Erth      #.........   100%        6
 Haunt                    Necr/Summ      #.........   100%        7
 Orb of Destruction       Conj           #.........   100%        7
 Spellforged Servitor     Conj/Summ      #.........   100%        7
 Borgnjor's Revivificati  Necr           #.........   100%        8
 Infestation              Necr           #.........   100%        8
 Necromutation            Tmut/Necr      #.........   100%        8
 Death's Door             Necr           #.........   100%        9


Dungeon Overview and Level Annotations

Branches:
Dungeon (10/15)            Temple (0/1) D:6            Lair (6/6) D:8
  Swamp (0/4) Lair:4        Snake (0/4) Lair:3        Slime (0/5) Lair:5
    Orc (2/2) D:10            Elf (0/3) Orc:2         Sewer (visited)
 Bailey (visited)

Altars:
Cheibriados
Fedhas
Gozag
Hepliaklqana
Makhleb
Ru
Xom
The Shining One
Jiyva

Shops:
Orc:1 ?   Orc:2 ([=

Portals:
Hell: Lair:6

Annotations:
D:7 1 runed translucent door
D:9 3 runed translucent doors
Lair:4 3 runed translucent doors, Djamper's ghost, journeyman TrBe


Innate Abilities, Weirdness & Mutations

You have hooves in place of feet.
You are surrounded by a strong repulsion field. (EV +4, RMsl)
You are mostly covered in sharp spines.
You are immune to rotting.
You have a pair of small horns on your head.
You can translocate small distances at will.
You possess an exceptional clarity of mind.
You are dopey. (Int -2)
You passively map a small area around you.
Your natural rate of healing is unusually fast.
Your muscles are very strong. (Str +4)
You evolve.


Message History

The orc warlord roars a battlecry!
Unknown command.
You blink.
You feel sick.
An orc priest comes into view.
The orc priest calls down the wrath of Beogh upon you.
Beogh smites you!
* * * LOW HITPOINT WARNING * * *
The soul eater hits something.
Unknown command.
You feel much better.
You feel sick.
The orc high priest no longer looks unusually strong.
The orc priest misses you.
The soul eater hits something!
You feel better.
The orc priest no longer looks unusually strong.
The orc high priest is struck by your spines.
The orc high priest closely misses you.
The orc warlord is struck by your spines.
The orc warlord hits you with a +2 dire flail!!!
You die...
Fedhas appreciates your contribution to the ecosystem.

, , ,...........# #.... ,
.................## #....
.......................)###....
.....[)..................[#.....
.......)..o........#.....)......
.........))..........7..##)#.....
.......)).)o.............####....
.........)).)..o....7\7.## #....
......))....)..o@..(...## .##..
,.....)))..))†oooo...7#.....# #..
. #....(.)(..)............## #.
..#.)...).[..)..........### .
.....()...()).#)).......#
..........)).))3#.#..#.## *
..............(.P#######
##.####..###...fP# ##* ####
#######


You could see an orc warlord (strong), an orc knight (strong), a soul eater
(summoned, corroded), an orc high priest, 4 orc priests, an orc (strong) and a
friendly wandering mushroom (summoned).

Vanquished Creatures
  Gastronok (Lair:2)
  An orc warlord (Orc:2)
  8 hydras
  2 centaur warriors
  2 two-headed ogres
  6 death yaks (Lair:6)
  3 orc high priests
  A wizard (Lair:6)
  4 orc knights
  An ugly thing (D:9)
  2 orc sorcerers (Orc:2)
  11 black mambas
  Psyche (D:9)
  A gargoyle (D:9)
  15 cane toads
  5 torpor snails
  11 komodo dragons
  3 orange demons (Lair:6)
  7 rime drakes
  An efreet (D:9)
  A hellwing (Lair:6)
  2 ice devils (Lair:6)
  11 trolls
  A hornet (D:9)
  A tyrant leech (Lair:4)
  Grinder (D:3)
  4 polar bears
  4 dream sheep (Lair:6)
  17 blink frogs
  3 wyverns
  A yak (shapeshifter) (D:9)
  31 yaks
  2 basilisks (Lair:4)
  3 wargs (Orc:2)
  A swamp worm (Lair:4)
  25 water moccasins
  Purgy (Sewer)
  2 hell hounds (Lair:6)
  A swamp drake (Lair:1)
  A hornet zombie (D:6)
  7 black bears
  26 orc warriors
  2 ice beasts
  An eye of draining (D:5)
  13 ogres
  2 sky beasts
  37 wolves
  4 centaurs
  13 bullfrogs
  7 big kobolds
  2 gnoll sergeants
  3 scorpions
  9 killer bees
  A howler monkey (D:5)
  A crimson imp (D:9)
  2 centaur zombies
  12 jellies
  14 orc priests
  4 hounds
  25 orc wizards
  2 bullfrog skeletons (D:6)
  5 iguanas
  Ijyb (D:3)
  8 worker ants
  3 hound zombies
  A hound skeleton (D:4)
  2 worker ant zombies
  15 gnolls
  A howler monkey skeleton (D:7)
  20 adders
  A shadow imp (D:8)
  3 white imps
  An ufetubus (D:9)
  16 oozes
  4 worms
  4 dart slugs
  4 leopard geckos
  80 orcs
  2 ball pythons
  9 bats
  7 giant cockroaches
  4 goblins
  5 hobgoblins
  6 jackals
  4 quokkas
  5 frilled lizards
  23 kobolds
  A leopard gecko zombie (D:5)
  3 quokka skeletons
  A quokka zombie (D:5)
  11 rats
636 creatures vanquished.

Vanquished Creatures (collateral kills)
  An orc warlord (Bailey)
  2 hydras
  A sixfirhy (Lair:6)
  An orc sorcerer (Orc:1)
  An orc knight (Orc:1)
  A cane toad (Lair:4)
  A red devil (Lair:6)
  A basilisk (Lair:4)
  2 wargs (Orc:1)
  2 hell hounds (Lair:6)
  2 orc warriors
  2 orc priests (Orc:1)
  An orc wizard (Orc:2)
  4 orcs
  44 ballistomycete spores
66 creatures vanquished.

Vanquished Creatures (others)
  A two-headed ogre (D:9)
  A shadow (D:9)
  5 ballistomycete spores
  40 fungi
  32 plants
79 creatures vanquished.

Grand Total: 781 creatures vanquished

Notes
Turn   | Place    | Note
-------+----------+-------------------------------------------
     0 | D:1      | MrRokkomies the Demonspawn Gladiator began the quest for
                  | the Orb.
     0 | D:1      | Reached XP level 1. HP: 16/16 MP: 1/1
   269 | D:1      | Gained mutation: You are partially covered in sharp spines.
                  | [demonic ancestry]
   269 | D:1      | Reached XP level 2. HP: 14/23 MP: 2/2
  1375 | D:2      | Reached XP level 3. HP: 14/29 MP: 3/3
  1588 | D:2      | Gained mutation: You are surrounded by a mild repulsion
                  | field. (EV +2) [demonic ancestry]
  1588 | D:2      | Reached XP level 4. HP: 35/35 MP: 4/4
  2316 | D:3      | Noticed Grinder
  2321 | D:3      | Paralysed by Grinder for 4 turns
  2327 | D:3      | Paralysed by Grinder for 4 turns
  2628 | D:3      | Noticed Ijyb
  2646 | D:3      | Killed Ijyb
  2646 | D:3      | Gained mutation: You are surrounded by a moderate repulsion
                  | field. (EV +3) [demonic ancestry]
  2646 | D:3      | Reached XP level 5. HP: 22/42 MP: 5/5
  2827 | D:3      | Gained mutation: You possess an exceptional clarity of
                  | mind. [potion of mutation]
  2827 | D:3      | Gained mutation: You evolve. [potion of mutation]
  2994 | D:3      | Gained mutation: You are frail. (-10% HP) [evolution]
  3009 | D:3      | Paralysed by Grinder for 3 turns
  3016 | D:3      | Paralysed by Grinder for 2 turns
  3021 | D:3      | Paralysed by Grinder for 2 turns
  3025 | D:3      | Killed Grinder
  3025 | D:3      | Reached skill level 5 in Fighting
  3025 | D:3      | Reached skill level 5 in Dodging
  3025 | D:3      | Gained mutation: You have large cloven feet. [demonic
                  | ancestry]
  3025 | D:3      | Reached XP level 6. HP: 12/45 MP: 6/6
  3292 | D:3      | Found a faded altar of an unknown god.
  3419 | D:3      | Became a worshipper of Fedhas Madash
  3419 | D:3      | Reached * piety under Fedhas
  3743 | D:4      | Reached skill level 1 in Invocations
  4030 | D:5      | Entered Level 5 of the Dungeon
  4038 | D:5      | Gained mutation: You have hoof-like feet. [demonic
                  | ancestry]
  4038 | D:5      | Reached XP level 7. HP: 50/50 MP: 7/7
  4052 | D:5      | Reached skill level 2 in Invocations
  4189 | D:5      | Gained mutation: You expend magic power (3 MP) to
                  | strengthen your wands. [evolution]
  4189 | D:5      | Lost mutation: You evolve. [end of evolution]
  4214 | D:5      | Found a glowing drain.
  4237 | Sewer    | Entered a sewer
  4238 | Sewer    | Lost mutation: You possess an exceptional clarity of mind.
                  | [potion of mutation]
  4238 | Sewer    | Lost mutation: You are frail. (-10% HP) [potion of
                  | mutation]
  4238 | Sewer    | Lost mutation: You expend magic power (3 MP) to strengthen
                  | your wands. [potion of mutation]
  4238 | Sewer    | Gained mutation: You are surrounded by a strong repulsion
                  | field. (EV +4, RMsl) [potion of mutation]
  4238 | Sewer    | Gained mutation: You expend magic power (3 MP) to
                  | strengthen your wands. [potion of mutation]
  4382 | Sewer    | Noticed Purgy
  4393 | Sewer    | Killed Purgy
  4439 | Sewer    | Reached ** piety under Fedhas
  4624 | D:5      | Reached skill level 3 in Invocations
  4792 | D:5      | Gained mutation: You have hooves in place of feet. [demonic
                  | ancestry]
  4792 | D:5      | Reached XP level 8. HP: 65/65 MP: 10/10
  5141 | D:6      | Reached skill level 4 in Invocations
  5547 | D:6      | Reached skill level 5 in Invocations
  5665 | D:6      | Found a staircase to the Ecumenical Temple.
  6002 | D:6      | Reached XP level 9. HP: 72/74 MP: 12/12
  6248 | D:7      | Reached *** piety under Fedhas
  6250 | D:7      | Found a runed translucent door.
  6250 | D:7      | Noticed a sixfirhy
  6689 | D:7      | Reached skill level 6 in Invocations
  7074 | D:8      | Found a staircase to the Lair.
  7605 | D:8      | Found a glowing golden altar of the Shining One.
  7651 | D:8      | Reached **** piety under Fedhas
  7886 | D:9      | Reached skill level 7 in Invocations
  7984 | D:9      | Noticed a purple ugly thing
  8000 | D:9      | Killed a purple ugly thing
  8000 | D:9      | Reached XP level 10. HP: 40/84 MP: 6/15
  8054 | D:9      | Noticed a centaur warrior
  8075 | D:9      | HP: 1/84 [centaur warrior (9)]
  8078 | D:9      | Killed a centaur warrior
  8078 | D:9      | Reached skill level 10 in Fighting
  8107 | D:9      | Paralysed by a hornet for 3 turns
  8460 | D:9      | Found a runed translucent door.
  8463 | D:9      | Noticed a two-headed ogre
  8465 | D:9      | Found a runed translucent door.
  8465 | D:9      | Found a runed translucent door.
  8912 | D:9      | Reached skill level 8 in Invocations
  9240 | D:9      | Noticed Psyche
  9248 | D:9      | Killed Psyche
  9314 | D:9      | Noticed a five-headed hydra
  9321 | D:9      | Killed a five-headed hydra
  9321 | D:9      | Reached skill level 10 in Dodging
  9414 | D:9      | Lost mutation: You expend magic power (3 MP) to strengthen
                  | your wands. [potion of mutation]
  9414 | D:9      | Gained mutation: You passively map a small area around you.
                  | [potion of mutation]
  9414 | D:9      | Gained mutation: You do not regenerate when monsters are
                  | visible. [potion of mutation]
  9414 | D:9      | Gained mutation: Your muscles are strong. (Str +2) [potion
                  | of mutation]
  9414 | D:9      | Gained mutation: Your spells are a little harder to cast,
                  | but a little more powerful. [potion of mutation]
  9569 | D:9      | Noticed a two-headed ogre
  9932 | D:9      | Found a sacrificial altar of Ru.
  9932 | D:9      | Found a hazy altar of Hepliaklqana.
  9933 | D:9      | Found an opulent altar of Gozag.
  9983 | D:9      | Found a shimmering altar of Xom.
  9984 | D:9      | Found a burning altar of Makhleb.
 10008 | D:9      | Noticed a gargoyle
 10030 | D:9      | HP: 4/87 [gargoyle/+1 mace of protection (7)]
 10039 | D:9      | Killed a gargoyle
 10039 | D:9      | Reached skill level 9 in Invocations
 10039 | D:9      | Reached XP level 11. HP: 6/93 MP: 17/17
 10531 | D:10     | Entered Level 10 of the Dungeon
 10535 | D:10     | Noticed a centaur warrior
 10545 | D:10     | Killed a centaur warrior
 10553 | D:10     | Noticed a two-headed ogre
 10570 | D:10     | Killed a two-headed ogre
 10588 | D:10     | Found a flagged portal.
 10600 | D:10     | Got a faintly glowing hand axe
 10603 | Bailey   | Entered a bailey
 10617 | Bailey   | Identified the cursed +3 hand axe "Zezxenash" {flame, +Rage
                  | Int+4} (You found it on level 10 of the Dungeon)
 10653 | Bailey   | Noticed an orc warlord
 10808 | Bailey   | Found a runed translucent gate.
 10810 | Bailey   | Found a runed translucent gate.
 10812 | Bailey   | Found a runed translucent gate.
 10818 | Bailey   | Noticed an orc knight
 10848 | Bailey   | Killed an orc knight
 11203 | Bailey   | Killed an orc warlord
 11279 | Bailey   | Identified 2 scrolls of acquirement
 11279 | Bailey   | Acquired the +10 lajatang of the Vine {protect, rElec rF+}
 11282 | Bailey   | Acquired a +1 helmet of see invisible
 11578 | D:10     | Lost mutation: Your spells are a little harder to cast, but
                  | a little more powerful. [potion of mutation]
 11578 | D:10     | Lost mutation: You do not regenerate when monsters are
                  | visible. [potion of mutation]
 11578 | D:10     | Lost mutation: You are surrounded by a strong repulsion
                  | field. (EV +4, RMsl) [potion of mutation]
 11578 | D:10     | Gained mutation: Your muscles are very strong. (Str +4)
                  | [potion of mutation]
 11578 | D:10     | Gained mutation: You are dopey. (Int -2) [potion of
                  | mutation]
 11578 | D:10     | Gained mutation: You possess an exceptional clarity of
                  | mind. [potion of mutation]
 11578 | D:10     | Gained mutation: You evolve. [potion of mutation]
 11637 | D:10     | Found a staircase to the Orcish Mines.
 11647 | D:10     | Reached skill level 1 in Staves
 11666 | D:10     | Reached skill level 10 in Invocations
 12028 | D:10     | Noticed an oklob plant
 12248 | Lair:1   | Entered Level 1 of the Lair of Beasts
 12394 | Lair:1   | Noticed a seven-headed hydra
 12406 | Lair:1   | Killed a three-headed hydra
 12636 | Lair:1   | Reached skill level 11 in Invocations
 12847 | Lair:1   | Reached ***** piety under Fedhas
 12862 | Lair:1   | Gained mutation: You are surrounded by a strong repulsion
                  | field. (EV +4, RMsl) [demonic ancestry]
 12862 | Lair:1   | Reached XP level 12. HP: 92/102 MP: 20/20
 13181 | Lair:1   | Noticed Maggie
 13184 | Lair:1   | Noticed Maggie
 13184 | Lair:1   | Maggie changed into Maggie the swamp drake
 13190 | Lair:1   | Killed Maggie the swamp drake
 13446 | Lair:1   | Gained mutation: You have a pair of small horns on your
                  | head. [evolution]
 13700 | Lair:2   | Noticed Gastronok
 13721 | Lair:2   | Killed Gastronok
 13721 | Lair:2   | Reached skill level 5 in Staves
 13721 | Lair:2   | Reached skill level 12 in Invocations
 14015 | Lair:2   | Acquired a +5 lajatang of electrocution
 14745 | Lair:3   | Found a staircase to the Snake Pit.
 15005 | Lair:3   | Reached skill level 13 in Invocations
 15237 | Lair:3   | Gained mutation: You can translocate small distances at
                  | will. [evolution]
 15486 | Lair:3   | Found a snail-covered altar of Cheibriados.
 15750 | Lair:3   | Gained mutation: You are immune to rotting. [demonic
                  | ancestry]
 15750 | Lair:3   | Reached XP level 13. HP: 93/108 MP: 23/23
 16109 | Lair:4   | Reached skill level 14 in Invocations
 16259 | Lair:4   | Found a runed translucent gate.
 16259 | Lair:4   | Found a runed translucent gate.
 16259 | Lair:4   | Found a runed translucent gate.
 16267 | Lair:4   | Noticed a minotaur
 16269 | Lair:4   | Noticed Djamper's ghost (journeyman TrBe)
 16272 | Lair:4   | You fall into a shaft and drop 1 floor!
 16577 | Lair:4   | Reached skill level 1 in Evocations
 16905 | Lair:4   | Reached skill level 1 in Armour
 17233 | Lair:4   | Found a staircase to the Swamp.
 17703 | Lair:5   | You fall into a shaft and drop 1 floor!
 17703 | Lair:6   | Entered Level 6 of the Lair of Beasts
 17723 | Lair:6   | Reached skill level 15 in Invocations
 18126 | Lair:5   | Reached skill level 10 in Staves
 18126 | Lair:5   | Gained mutation: You are mostly covered in sharp spines.
                  | [demonic ancestry]
 18126 | Lair:5   | Reached XP level 14. HP: 104/115 MP: 25/25
 18315 | Lair:5   | Found a viscous altar of Jiyva.
 18316 | Lair:5   | Found a staircase to the Slime Pits.
 18588 | Lair:5   | Gained mutation: Your natural rate of healing is unusually
                  | fast. [evolution]
 18837 | Lair:6   | Reached skill level 5 in Evocations
 19001 | Lair:6   | Reached skill level 5 in Armour
 19241 | Lair:6   | Found a burning altar of Makhleb.
 19276 | Lair:6   | Found a gateway to Hell.
 19388 | Lair:6   | Identified the Guide on Floating Malediction
 19838 | Orc:1    | Entered Level 1 of the Orcish Mines
 20010 | Orc:1    | Found Meruame's Magic Scroll Emporium.
 20437 | Orc:2    | Entered Level 2 of the Orcish Mines
 20437 | Orc:2    | Found Obrazeul's Weapon Emporium.
 20561 | Orc:2    | Found Enelealorr's Jewellery Shoppe.
 20727 | Orc:2    | Bought the amulet of the Priest {Reflect Int+3 SH+5} for
                  | 692 gold pieces
 20750 | Orc:2    | Found a staircase to the Elven Halls.
 20821 | Orc:2    | Found Lisati's Armour Boutique.
 20886 | Orc:2    | Noticed an orc warlord
 20918 | Orc:2    | Killed an orc warlord
 20945 | Orc:2    | Reached ****** piety under Fedhas
 20992 | Orc:2    | Noticed an orc warlord
 20999 | Orc:2    | HP: 3/115 [orc priest/divine providence (12)]
 21001 | Orc:2    | Mangled by an orc warlord

Illustrated notes

Levels and vault maps discovered:
D:1:      nicolae_arrival_somewhat_less_tricky_arrival, layout_basic,
          chequers_serial_rivers_room_a
D:2:      layout_rooms, minmay_worlds_worst_comb
D:3:      layout_basic, chequers_ecumenical_altar_grove, uniq_ijyb, uniq_grinder
D:4:      layout_rooms
D:5:      layout_rooms, cheibrodos_sewer_entry_bend
D:6:      layout_basic, minmay_temple_entry_drinking_statues,
          hangedman_decor_lopped
D:7:      cheibrodos_shockbox, layout_basic, minmay_unpleasant_kobolds
D:8:      layout_rooms, lair_entry_dummy, nicolae_tso_swordbearing_angel
D:9:      minmay_the_grid_four_pointed_star_mashed
          [minmay_the_grid_triangle_9x9_thin_v,
          minmay_the_grid_triangle_9x9_fully_insulated_deathbox,
          minmay_the_grid_triangle_9x9_longest,
          minmay_the_grid_triangle_9x9_skeleton,
          minmay_the_grid_prize_big_room], layout_basic,
          grunt_temple_overflow_champion_of_chaos,
          gammafunk_temple_overflow_claw, minmay_shattered_shrine, uniq_psyche
D:10:     lemuel_slime, layout_small_grid,
          kennysheep_orc_monster_closet_entryway, enter_bailey_2
Lair:1:   layout_layer_cave, grunt_megastairs_5, lemuel_fruit_tree,
          lemuel_fruit_fields, uniq_maggie
Lair:2:   layout_concentric_octagons, uniq_gastronok
Lair:3:   layout_hall_layers, minmay_snake_entry_six_corridors,
          kennysheep_snail_temple, infiniplex_staircase_pool_2
Lair:4:   layout_regular_city, palyth_hydra_swamp_entry,
          maelrawn_ghost_gauntlet_escape
Lair:5:   layout_loops_ring, dpeg_slime_entry_enclosed_altar
Lair:6:   evil_forest, layout_hall_layers, grunt_forest_large_clearings
Orc:1:    layout_caves, serial_shops, shop
Orc:2:    st_orc_congregation, layout_diamond_mine, serial_shops, shop,
          nicolae_shop_trees, nicolae_shop_behind_doors, nicolae_orc_rockfall,
          minmay_shop_enchanted_jewellery

Skill      XL: |  1  2  3  4  5  6  7  8  9 10 11 12 13 14 |
---------------+-------------------------------------------+-----
Dodging        | 3 4 5 6 7 9 10 11 12 | 12.0
Fighting       | 3 5 6 7 9 11 12 | 12.0
Invocations    | 1 3 5 7 9 11 13 15 | 15.0
Staves         | 4 7 10 11 | 11.9
Evocations     | 4 7 |  7.1
Armour         | 4 6 |  6.4
Long Blades    | |  2.7
Throwing       | |  1.7

Action                   |  1- 3 |  4- 6 |  7- 9 | 10-12 | 13-15 || total
-------------------------+-------+-------+-------+-------+-------++-------
Melee: Long sword        |    65 |       |       |       |       ||    65
       Quarterstaff      |    12 |    58 |       |       |       ||    70
       Halberd           |       |    43 |   266 |   166 |       ||   475
       Kick              |       |    11 |    81 |   164 |   104 ||   360
       Lajatang          |       |       |       |   296 |   363 ||   659
       Scimitar          |       |       |       |     4 |       ||     4
       Headbutt          |       |       |       |    33 |    67 ||   100
 Fire: Shortbow          |       |       |       |    26 |       ||    26
Throw: Dart              |       |     9 |    52 |    22 |       ||    83
       Throwing net      |       |       |       |     3 |       ||     3
       Boomerang         |       |       |       |       |    20 ||    20
Invok: Overgrow          |       |       |     1 |     2 |     4 ||     7
       Grow Ballistomyce |       |       |       |     1 |     6 ||     7
 Abil: Blink             |       |       |       |       |     2 ||     2
Evoke: Wand              |       |     2 |       |     8 |    14 ||    24
  Use: Scroll            |     4 |     8 |     3 |    15 |     3 ||    33
       Potion            |       |     1 |     2 |     7 |     6 ||    16
 Stab: Held in net/web   |       |       |       |     1 |       ||     1
       Confused          |       |       |       |       |     2 ||     2
Armor: Leather armour    |    35 |    13 |       |       |       ||    48
       Chain mail        |       |    26 |   141 |   192 |   153 ||   512
       Plate armour      |       |       |       |       |     7 ||     7
Dodge: Dodged            |    87 |    88 |   220 |   518 |   378 ||  1291
       Repelled          |       |       |       |     9 |     5 ||    14
Block: Other             |       |       |       |       |    18 ||    18
       Rpst.: Long sword |    27 |       |       |       |       ||    27

Table legend: (Time is in decaauts)
 A = Elapsed time spent in this place.
 B = Non-inter-level travel time spent in this place.
 C = Inter-level travel time spent in this place.
 D = Time resting spent in this place.
 E = Time spent auto-exploring this place.
 F = Levels seen in this place.
 G = Mean time per level.
                   A        B        C        D        E       F      G
               +--------+--------+--------+--------+--------+-----+--------+
         Total |  21345 |  20540 |    805 |   1202 |  15832 |  20 | 1067.2 |
       Dungeon |  11656 |  11173 |    483 |    611 |   8705 |  10 | 1165.6 |
          Lair |   7589 |   7284 |    305 |    353 |   5971 |   6 | 1264.8 |
  Orcish Mines |   1137 |   1120 |     17 |      7 |    732 |   2 |  568.5 |
         Sewer |    229 |    229 |      0 |      0 |    171 |   1 |  229.0 |
        Bailey |    731 |    731 |      0 |    231 |    251 |   1 |  731.0 |
               +--------+--------+--------+--------+--------+-----+--------+

Top non-repeatable levels by time:
     D:9: 2803 daAuts
  Lair:4: 1667 daAuts
  Lair:1: 1348 daAuts
  Lair:3: 1225 daAuts
  Lair:2: 1201 daAuts
     D:6: 1199 daAuts
     D:1: 1194 daAuts
     D:3: 1178 daAuts
     D:2: 1111 daAuts
  Lair:6: 1109 daAuts
  Lair:5: 1036 daAuts
    D:10: 1015 daAuts
     D:7: 901 daAuts
     D:8: 842 daAuts
     D:5: 807 daAuts
